 Dungeon Crawl Stone Soup version 0.21.1-1-g345015f (console) character file.

6 Kiux97 the Firebug (level 1, 0/14 HPs)
             Began as a Draconian Fire Elementalist on Apr 25, 2018.
             Slain by an ooze (4 damage)
             ... on level 1 of the Dungeon.
             The game lasted 00:04:40 (123 turns).

Kiux97 the Firebug (Draconian Fire Elementalist)     Turns: 123, Time: 00:04:41

Health: 0/14       AC:  4    Str: 10    XL:     1   Next: 75%
Magic:  1/3        EV: 12    Int: 15    God:
Gold:   7          SH:  0    Dex: 11    Spells: 3/4 levels left

rFire    . . .     SeeInvis .   c - +0 club
rCold    . . .     Gourm    .   (no shield)
rNeg     . . .     Faith    .   (armour unavailable)
rPois    .         Spirit   .   (helmet restricted)
rElec    .         Reflect  .   (no cloak)
rCorr    .         Harm     .   (no gloves)
MR       .....                  (no boots)
Stlth    ++........             (no amulet)
HPRegen  0.04/turn              (no ring)
MPRegen  0.08/turn              (no ring)

@: no status effects
A: unfitting armour, cold-blooded, AC +4
a: no special abilities


You were on level 1 of the Dungeon.
You were not hungry.

You visited 1 branch of the dungeon, and saw 1 of its levels.

You collected 7 gold pieces.

Inventory:

Hand Weapons
 c - a +0 club (weapon)
Potions
 d - a potion of curing {unknown}
Books
 a - a book of Flames

   Spells                             Type                      Level
   a - Flame Tongue                   Conjuration/Fire             1
   b - Throw Flame                    Conjuration/Fire             2
   c - Conjure Flame                  Conjuration/Fire             3
   d - Inner Flame                    Hexes/Fire                   3
   e - Sticky Flame                   Conjuration/Fire             4
   f - Fireball                       Conjuration/Fire             5
Comestibles
 b - a ration


   Skills:
 + Level 2.1 Dodging
 + Level 1.7 Stealth
 + Level 2.1 Spellcasting
 + Level 1.0 Conjurations
 + Level 3.1 Fire Magic


You had 3 spell levels left.
You knew the following spells:

 Your Spells              Type           Power        Failure   Level  Hunger
a - Flame Tongue          Conj/Fire      #....        10%         1    #......


Dungeon Overview and Level Annotations

Branches:
Dungeon (1/15)

Altars:


Innate Abilities, Weirdness & Mutations

Your plain brown scales are hard. (AC +4)
You cannot fit into any form of body armour.
You are cold-blooded and may be slowed by cold attacks.


Message History

The ooze closely misses you. The ooze barely misses you.
The kobold throws a stone.
The stone hits you but does no damage.
The kobold throws a stone.
The stone misses you.
The stone hits the ooze.
You see here a stone.
The kobold throws a stone.
The stone hits you but does no damage.
Found a glowing chain mail.
You see here a stone.
The kobold drinks a potion.
The kobold seems to grow stronger.
The hobgoblin barely misses you. The ooze barely misses you.
You see here a fizzy clear potion.
d - a fizzy clear potion The kobold barely misses you.
The hobgoblin hits you but does no damage.
The ooze hits you. The kobold completely misses you. The ooze misses you.
The hobgoblin hits you but does no damage.
The ooze closely misses you. The kobold hits you with a short sword.
* * * LOW HITPOINT WARNING * * *
The ooze barely misses you.
The kobold throws a stone.
The stone closely misses you.
The kobold throws a stone.
The stone barely misses you. The ooze hits you.
You die...

... ...#l .. ........K# ###
..##.............##..#
..#.............##....
.....#....##........##
....#..###.........K.###
#......##..........#...#
#....##.........K.#
#.............@Jg.#
#.#...##......(J(.##
#.#.....)....(.....#
#.#......(..........#
#.#..###..(............
###....# #................
......## #.................
.....## #.................
.....#####...............[.
.....##....$..........
........###...........


You could see 2 oozes, a hobgoblin and 2 kobolds.

Vanquished Creatures
  A leopard gecko (D:1)
  A bat (D:1)
  2 hobgoblins (D:1)
4 creatures vanquished.

Notes
Turn   | Place    | Note
-------+----------+-------------------------------------------
     0 | D:1      | Kiux97 the Draconian Fire Elementalist began the quest for the Orb.
     0 | D:1      | Reached XP level 1. HP: 14/14 MP: 3/3
   123 | D:1      | Slain by an ooze

Skill      XL: |  1 |
---------------+----+-----
Dodging        | 2 |  2.1
Stealth        | |  1.7
Spellcasting   | |  2.1
Conjurations   | |  1.0
Fire Magic     | |  3.1

Action                   || total
-------------------------++-------
Melee: Unarmed           ||    12
       Club              ||     9
       Tailslap          ||     3
 Cast: Flame Tongue      ||     9
  Use: Scroll            ||     1
Armor: Skin              ||    10
Dodge: Dodged            ||    42
